Map: Nightscape LE

Players

A.I. 1 (Easy)

  • Race: Zerg Zerg
  • Spawn Location: 1:00

Hydra - Winner!

  • Race: Terran Terran
  • League: Silver
  • Spawn Location: 7:00

VOD

Have the link to the VOD?

Description

Time

  • Played on: Sept. 30, 2020, 2:32 p.m.
  • Length: 11:03
Show
View Real Time Build Order
Export as new Build Order

A.I. 1 (Easy) Zerg 

Build Orders: Pool First 

Get SALT Encoding   

  12  0:00  Drone  
  13  0:13  Overlord  
  13  0:16  Drone  
  14  0:31  Drone  
  14  0:35  Drone  
  16  0:43  Spawning Pool  
  16  0:44  Extractor  
  16  0:46  Drone  
  15  0:51  Drone  
  16  0:59  Overlord  
  16  1:31  Zergling x2, Queen  
  19  1:33  Roach Warren  
  19  1:34  Extractor  
  19  1:36  Drone  
  18  1:42  Drone  
  18  1:44  Zergling x2  
  20  1:56  Zergling x2  
  21  2:08  Zergling x2  
  22  2:14  Overlord  
  22  2:25  Zergling x2  
  23  2:36  Drone  
  24  2:37  Zergling x2  
  24  2:40  Drone  
  26  2:45  Drone  
  26  2:49  Drone  
  28  2:58  Overlord  
  28  3:09  Roach  
  28  3:10  Drone  
  31  3:14  Drone  
  32  3:22  Roach  
  34  6:49  Lair, Overlord, Drone  
  34  6:53  Drone  
  36  6:56  Hatchery  
  36  6:58  Drone  
  36  7:02  Drone  
  36  7:38  Zergling x2  
  30  7:46  Overseer x2  
  30  7:48  Hydralisk Den  
  27  8:02  Roach  
  29  8:08  Drone  
  30  8:13  Drone  
  30  8:15  Extractor  
  30  8:16  Extractor  
  30  8:17  Drone  
  30  8:21  Drone  
  30  8:25  Roach  
  30  8:26  Drone  
  33  8:30  Drone  
  32  8:34  Drone  
  32  8:39  Drone  
  32  8:40  Roach  
  36  8:43  Drone  
  36  8:47  Drone  
  38  8:48  Queen  
  38  8:52  Drone  
  38  8:54  Overlord, Roach, Overseer  
  39  8:56  Drone  
  39  9:00  Overseer, Drone  
  38  9:08  Roach  
  37  9:12  Drone  
  37  9:14  Overlord  
  37  9:17  Overseer, Drone  
  34  9:21  Drone  
  29  9:24  Spawning Pool  
  29  9:25  Drone  
  29  9:30  Drone  
  16  9:31  Hydralisk  
  16  9:34  Drone  
  17  9:42  Overlord  
  17  10:01  Overlord  
  17  10:02  Drone  
  18  10:13  Drone  
  19  10:16  Roach Warren  
  18  10:23  Zergling x2  
  17  10:34  Overlord  
  17  10:35  Spawning Pool  
  8  10:45  Drone  
Show
View Real Time Build Order
Export as new Build Order

Hydra Terran - Winner!

Build Orders:  

Get SALT Encoding   

  12  0:01  SCV  
  13  0:14  SCV  
  14  0:20  Supply Depot  
  14  0:26  SCV  
  15  0:44  Barracks  
  15  0:54  SCV  
  16  1:06  SCV  
  17  1:13  Barracks  
  17  1:19  SCV  
  18  1:31  SCV  
  19  1:43  SCV  
  20  1:47  Marine  
  20  1:53  Refinery  
  21  1:55  SCV  
  22  2:05  Command Center  
  22  2:07  SCV  
  23  2:21  SCV  
  23  2:27  Supply Depot  
  23  2:49  SCV  
  24  3:00  Barracks Reactor, Supply Depot  
  24  3:01  SCV  
  24  3:02  Marine  
  26  3:14  Refinery  
  26  3:20  Marine  
  27  3:38  Marine  
  27  3:39  SCV  
  27  3:40  Refinery  
  29  3:51  SCV  
  29  3:52  Factory  
  30  3:56  Marine  
  30  3:58  Marine x2  
  33  4:03  SCV  
  34  4:14  Marine  
  34  4:15  SCV  
  34  4:16  Marine x2, Barracks  
  38  4:27  SCV  
  38  4:30  Command Center  
  39  4:32  Marine  
  39  4:34  Marine x2  
  42  4:38  Orbital Command  
  42  4:39  SCV  
  43  4:49  Marine  
  43  4:51  SCV, Marine  
  43  4:52  Marine  
  47  5:04  SCV  
  48  5:07  Marine, Starport  
  51  5:16  SCV  
  50  5:35  Barracks Tech Lab  
  50  5:37  Barracks Reactor  
  50  5:46  Barracks  
  52  5:53  Medivac  
  52  6:06  Marine  
  52  6:10  Hellion  
  52  6:11  Hellion  
  57  6:19  Marauder  
  57  6:22  Marine, Liberator  
  57  6:24  Marine  
  57  6:25  Marine  
  65  6:31  Hellion  
  65  6:32  Hellion  
  69  7:05  Supply Depot  
  69  7:06  Supply Depot  
  69  7:26  Marine  
  69  7:27  Viking, Hellion x2, Marauder  
  69  7:29  Supply Depot  
  78  7:30  Supply Depot  
  76  7:44  Marine  
  76  7:48  Hellion  
  78  7:54  Supply Depot x2  
  78  7:57  Medivac  
  80  8:02  SCV, Marine  
  80  8:05  SCV  
  83  8:10  Refinery  
  83  8:14  SCV  
  83  8:17  SCV  
  83  8:18  Supply Depot  
  83  8:19  Supply Depot  
  85  8:26  SCV  
  86  8:27  Medivac  
  86  8:29  SCV  
  85  8:34  Marine  
  85  8:37  Hellion  
  85  8:38  SCV, Hellion  
  91  8:42  Supply Depot  
  87  8:50  SCV, Marine  
  87  8:51  Marine  
  87  8:52  Marine x2  
  92  8:58  Barracks Reactor  
  92  8:59  Hellion x2  
  92  9:01  Stimpack  
  96  9:07  Marine  
  96  9:09  Marine x2  
  97  9:10  Marine  
  99  9:20  Hellion  
  99  9:21  Hellion  
  103  9:25  Marine  
  103  9:27  Marine x2  
  103  9:28  Marine  
  106  9:33  Orbital Command  
  105  9:42  Hellion x2  
  105  9:43  Marine  
  105  9:45  Marine x3  
  113  9:59  Command Center  
  113  10:01  Marine  
  113  10:03  Marine  
  113  10:05  Command Center  
  115  10:11  Marine  
  115  10:12  Marine  
  115  10:13  Starport Tech Lab  
  117  10:15  Command Center  
  117  10:19  Marine  
  118  10:21  Marine  
  117  10:29  Marine x2  
  119  10:37  Marine  
  119  10:39  Marine  
Tags
 
League
Silver
Matchup
TvZ
Opening
Pool First
Replay Pack
test
Spawn Locations
Cross Positions
Add a new tag
Caveats
  • Supply blocks, unpowered buildings, or Contaminate may cause inaccurate times.
  • Supply counts are checked every 10 seconds.